 Dungeon Crawl Stone Soup version 0.31-a0-180-g519b7de00c (webtiles) character file.

Game seed: 2907309837165705816

7 qw the Shield-Bearer (level 2, -1/19 HPs)
             Began as a Gargoyle Fighter on June 19, 2023.
             Slain by a kobold
             ... wielding a +1 whip of distortion
              (15 damage)
             ... on level 1 of the Dungeon.
             The game lasted 00:00:05 (155 turns).

qw the Shield-Bearer (Gargoyle Fighter)              Turns: 155, Time: 00:00:06

Health: -1/19      AC:  9    Str: 19    XL:     2   Next: 4%
Magic:  2/2        EV:  9    Int:  8    God:
Gold:   10         SH:  4    Dex:  9    Spells: 1/1 levels left

rFire   . . .        a - +0 war axe
rCold   . . .        c - +0 buckler
rNeg    + . .        b - +0 scale mail
rPois   inf          (no helmet)
rElec   +            (no cloak)
rCorr   .            (no gloves)
SInv    .            (no boots)
Will    .....        (no amulet) Stlth
                     (no ring)
HPRegen 0.23/turn    (no ring)
MPRegen 0.08/turn

%: no passive effects
@: no status effects
A: sickness immunity, AC +2, negative energy resistance 1, electricity
resistance, torment resistance 1, petrification resistance
a: no special abilities


You were on level 1 of the Dungeon.
You visited 1 branch of the dungeon, and saw 1 of its levels.

You collected 10 gold pieces.


Innate Abilities, Weirdness & Mutations

You are immune to sickness and miasma.
Your stone body is resilient. (AC +2)
You are immune to poison.
You resist negative energy. (rN+)
You are resistant to electric shocks. (rElec)
You are resistant to unholy torment.
You are immune to petrification.


   Skills:
 - Level 3.2 Fighting
 + Level 2.4 Axes
 - Level 3.2 Armour
 - Level 3.2 Shields


You had one spell level left.
You didn't know any spells.
Your spell library was empty.

Inventory:

Hand Weapons
 a - a +0 war axe (weapon)
 g - a +0 flail
Armour
 b - a +0 scale mail (worn)
 c - a +0 buckler (worn)
 h - a +0 pair of gloves
Scrolls
 f - a scroll of identify {unknown}
Potions
 d - a potion of might

Dungeon Overview and Level Annotations

Branches:
Dungeon (1/15)

Altars:


Message History

You slash the quokka!
You kill the quokka!
There is a stone staircase leading down here.
f - a scroll labelled FUHIRU XIAD
Enter note:
g - a +0 flail
h - a +0 pair of gloves
Enter note:
120 ||| DROPPING +0 club.
You drop a +0 club.
You open the door.
There is an open door here.
Found a club.
Enter note: As you open the door, it creaks loudly!
There is an open door here.
A giant cockroach comes into view.
Enter note:
133 ||| Stepping ~*~*~tactically~*~*~ (stealth).
There is an open door here.
Enter note:
Enter note: You slash the giant cockroach!
You kill the giant cockroach!
You have reached level 2!
You see here a giant cockroach corpse.
A kobold comes into view. It is wielding a +1 whip of distortion.
The kobold shouts!
The kobold throws a stone.
The stone hits you but does no damage.
Enter note:
150 ||| Stepping ~*~*~tactically~*~*~ (hiding).
You start waiting.
A kobold is nearby!
The kobold barely misses you.
Enter note: You barely miss the kobold.
The kobold barely misses you.
The kobold hits you with a +1 whip of distortion.
Space warps horribly around you!
Ouch! That really hurt!
You die...

# # ###. .# ...###
###.# #.... ....# #....
... #.##K#.# .)
#.##.@(# #.. #.###.##
##.# #.# #.# ###...##
#.# #.# .#.....##
#.###.###.# ........##
#.........#
.........####%...##.##
.........'............
.........####....##.###


You could see a kobold.

Vanquished Creatures
  2 ball pythons (D:1)
  A giant cockroach (D:1)
  A goblin (D:1)
  A kobold (D:1)
  A quokka (D:1)
6 creatures vanquished.

Notes
Turn   | Place    | Note
-------+----------+-------------------------------------------
     0 | D:1      | qw the Gargoyle Fighter began the quest for the Orb.
     0 | D:1      | Reached XP level 1. HP: 14/14 MP: 1/1
     0 | D:1      | 0 ||| qw: Version: 0.3-a-7-ge0c9b40
     0 | D:1      | 0 ||| qw: Game counter: 995
     0 | D:1      | 0 ||| qw: Always use a shield: true
     0 | D:1      | 0 ||| qw: God list: Okawaru
     0 | D:1      | 0 ||| qw: Allow faded altars: false
     0 | D:1      | 0 ||| qw: Do Orc after D:15 true
     0 | D:1      | 0 ||| qw: Do second Lair branch before Depths: true
     0 | D:1      | 0 ||| qw: Lair rune preference: random
     0 | D:1      | 0 ||| qw: Plans: Normal, Zot:1-4, Slime:5, God:TSO, Crypt,
                  | Tomb, Abyss, Pan, Hells, Win
     0 | D:1      | 0 ||| PLANNING D:1-11
    16 | D:1      | 16 ||| Stepping ~*~*~tactically~*~*~ (hiding).
   120 | D:1      | 120 ||| DROPPING +0 club.
   133 | D:1      | 133 ||| Stepping ~*~*~tactically~*~*~ (stealth).
   140 | D:1      | Reached XP level 2. HP: 19/19 MP: 2/2
   150 | D:1      | 150 ||| Stepping ~*~*~tactically~*~*~ (hiding).
   155 | D:1      | Slain by a kobold

Levels and vault maps discovered:
D:1:      dpeg_arrival_pits, layout_loops_corners, basic_ecumenical_altar,
          st_stairs_9

Skill      XL: |  1 |
---------------+----+-----
Axes           | 2 |  2.4
Fighting       | |  3.2
Armour         | |  3.2
Shields        | |  3.2

Action                     || total
---------------------------++-------
  Melee: War axe           ||    13
 Armour: Scale mail        ||     6
  Dodge: Dodged            ||     6
  Block: Buckler           ||     2

Table legend:
 A = Non-vault XP
 B = Vault XP
 C = Vault XP percentage of total XP
 D = Non-vault monster count
 E = Vault monster count
 F = Vault count percentage of total count
                 A         B        C        D         E       F
            +---------+---------+-------+---------+---------+-------
      Total |      11 |       0 |   0.0 |       6 |       0 |   0.0
            +---------+---------+-------+---------+---------+-------
        D:1 |      11 |       0 |   0.0 |       6 |       0 |   0.0
            +---------+---------+-------+---------+---------+-------
